Map: King Sejong Station LE

Players

WhosJohnGalt

  • Race: Zerg Zerg
  • League: Master

Miszu - Winner!

  • Race: Terran Terran
  • League: Master

VOD

Have the link to the VOD?

Description

Time

  • Played on: June 26, 2016, 11:32 a.m.
  • Length: 13:38
Show
View Real Time Build Order
Export as new Build Order

WhosJohnGalt Zerg 

Build Orders: Hatch First 

Get SALT Encoding   

  12  0:01  Drone  
  13  0:10  Drone  
  14  0:18  Overlord  
  14  0:33  Extractor, Drone  
  15  0:37  Drone x2  
  17  0:44  Drone  
  18  0:56  Drone  
  19  1:00  Hatchery  
  18  1:06  Drone  
  18  1:09  Extractor  
  18  1:16  Drone  
  19  1:20  Spawning Pool  
  18  1:27  Drone  
  19  1:38  Overlord  
  19  1:50  Drone  
  21  2:01  Drone  
  21  2:07  Queen  
  23  2:10  Zergling x2  
  23  2:12  Zergling x2, Queen  
  23  2:13  Metabolic Boost  
  27  2:21  Drone  
  28  2:24  Drone  
  29  2:34  Drone x2  
  31  2:43  Overlord, Queen  
  33  2:49  Drone  
  33  2:53  Spore Crawler  
  32  2:59  Hatchery  
  32  3:03  Drone x2  
  34  3:08  Drone  
  34  3:09  Drone  
  36  3:15  Overlord  
  36  3:17  Drone x3  
  39  3:24  Drone  
  39  3:25  Drone x2  
  42  3:36  Drone x3  
  42  3:39  Extractor  
  44  3:41  Queen  
  44  3:43  Queen  
  48  3:49  Overlord  
  48  3:50  Overlord  
  48  3:55  Drone x2  
  48  3:56  Drone  
  48  3:59  Overlord  
  51  4:13  Queen, Spore Crawler  
  52  4:27  Zergling x16  
  52  4:29  Drone x5  
  65  4:38  Lair  
  65  4:39  Evolution Chamber  
  65  4:40  Evolution Chamber  
  63  4:59  Drone x12  
  70  5:04  Drone x2  
  70  5:06  Extractor  
  70  5:08  Extractor  
  70  5:13  Zerg Missile Weapons Level 1, Zerg Ground Armor Level 1  
  69  5:21  Zergling x12  
  71  5:26  Queen  
  73  5:32  Extractor x2  
  73  5:33  Drone  
  73  5:34  Drone  
  73  5:35  Overlord x2  
  73  5:36  Overlord  
  73  5:41  Pneumatized Carapace  
  73  5:51  Roach Warren  
  72  6:02  Spore Crawler  
  68  6:07  Drone x3  
  68  6:08  Drone x8  
  68  6:09  Drone x2  
  68  6:10  Drone x3  
  83  6:12  Drone x2  
  83  6:13  Drone  
  80  6:29  Drone x3  
  80  6:30  Drone  
  80  6:31  Spore Crawler  
  81  6:38  Roach  
  81  6:39  Roach  
  85  6:44  Hatchery  
  83  6:56  Hatchery  
  79  7:02  Drone x3  
  82  7:11  Zerg Ground Armor Level 2, Zerg Missile Weapons Level 2  
  82  7:14  Roach x8  
  82  7:15  Overlord x3  
  98  7:17  Overlord  
  98  7:24  Glial Reconstitution, Infestation Pit  
  97  7:38  Roach x9  
  113  7:52  Roach  
  113  7:53  Roach x6  
  126  8:05  Roach  
  126  8:06  Roach x2  
  126  8:07  Pathogen Glands  
  126  8:08  Hive  
  130  8:15  Roach x5  
  130  8:17  Overlord  
  130  8:18  Overlord  
  140  8:31  Spire  
  139  8:35  Drone x2  
  139  8:40  Drone x11  
  152  8:43  Ravager  
  152  8:45  Ravager x4  
  157  8:55  Overlord  
  157  8:56  Overlord x2, Extractor  
  157  8:58  Extractor  
  155  9:06  Overlord x4  
  155  9:22  Infestor x5  
  167  9:24  Roach x2  
  167  9:30  Hatchery  
  133  9:49  Roach x10  
  138  10:00  Ravager x3  
  138  10:01  Extractor, Ravager  
  141  10:11  Roach  
  141  10:12  Roach x6  
  141  10:13  Drone x3  
  158  10:35  Corruptor x2  
  158  10:36  Corruptor x2  
  158  10:38  Zergling x2  
  158  10:39  Zergling x18  
  145  10:51  Roach  
  145  10:52  Roach x7  
  119  11:14  Drone  
  119  11:15  Drone x18  
  136  11:30  Ravager x2  
  136  11:31  Infestor, Ravager x4  
  144  11:33  Infestor  
  143  11:43  Extractor  
  143  11:44  Extractor, Spine Crawler x2  
  143  11:46  Roach x5, Spine Crawler  
  98  12:13  Roach  
  98  12:14  Roach x11  
  107  12:16  Zergling x4  
  103  12:30  Roach x4  
  103  12:34  Ravager  
  110  12:37  Roach x2  
  110  12:38  Roach x4  
  117  12:51  Roach x4  
  117  12:52  Roach  
  107  13:05  Ravager x6  
  109  13:06  Zergling x2, Ravager  
  109  13:07  Zergling x16  
  113  13:24  Hatchery  
Show
View Real Time Build Order
Export as new Build Order

Miszu Terran - Winner!

Build Orders: Reaper Expand, MMM Bio 

Get SALT Encoding   

  12  0:01  SCV  
  13  0:14  SCV  
  14  0:21  Supply Depot  
  14  0:26  SCV  
  15  0:43  SCV  
  15  0:44  Barracks  
  15  0:46  Refinery  
  16  0:55  SCV  
  17  1:07  SCV  
  18  1:19  SCV  
  19  1:31  Orbital Command  
  19  1:32  Reaper  
  20  1:42  Command Center  
  20  1:53  Supply Depot  
  20  1:55  Refinery  
  20  1:59  SCV  
  21  2:04  Barracks Reactor  
  21  2:11  SCV  
  22  2:23  SCV  
  22  2:24  Factory  
  23  2:35  SCV  
  24  2:40  Marine  
  24  2:41  Marine  
  26  2:47  SCV  
  27  2:55  SCV  
  28  2:58  Marine x2  
  28  2:59  SCV  
  31  3:07  Orbital Command  
  31  3:11  Starport, Factory Reactor  
  31  3:12  SCV  
  32  3:16  Marine  
  33  3:20  Supply Depot  
  33  3:21  Marine  
  33  3:24  SCV  
  35  3:34  Marine  
  35  3:35  SCV  
  35  3:36  SCV  
  35  3:39  Marine  
  39  3:45  Supply Depot  
  39  3:47  SCV  
  39  3:48  SCV  
  41  3:52  Marine  
  41  3:54  Widow Mine  
  41  3:55  Medivac x2  
  46  3:57  Marine  
  46  3:59  SCV  
  46  4:00  SCV  
  51  4:08  Supply Depot  
  51  4:09  Marine  
  51  4:11  SCV  
  51  4:12  SCV  
  51  4:15  Marine, Liberator  
  51  4:16  Liberator  
  55  4:23  Command Center  
  55  4:32  Supply Depot  
  55  4:35  SCV  
  55  4:36  Factory Tech Lab  
  55  4:37  SCV  
  63  4:43  Marine x2  
  65  4:47  SCV  
  65  4:49  SCV  
  67  4:54  Supply Depot  
  61  5:04  Siege Tank  
  61  5:05  SCV x2  
  66  5:14  Engineering Bay  
  66  5:15  Engineering Bay, Barracks  
  66  5:17  Refinery, Barracks, SCV  
  66  5:18  SCV  
  67  5:23  Marine x2  
  69  5:29  SCV  
  69  5:35  SCV, Orbital Command  
  71  5:39  Refinery  
  71  5:41  Terran Infantry Weapons Level 1, Terran Infantry Armor Level 1  
  71  5:42  SCV  
  72  5:44  Marine x2  
  72  5:47  SCV  
  75  5:54  SCV  
  76  5:59  SCV  
  76  6:04  Marine x2  
  77  6:06  Barracks Reactor x2  
  77  6:07  Barracks Tech Lab x2  
  79  6:15  Siege Tank  
  82  6:21  Marine  
  82  6:22  Marine  
  81  6:27  Stimpack, Combat Shields  
  81  6:28  Barracks  
  81  6:29  Barracks  
  81  6:30  Barracks  
  81  6:32  Marine x2  
  82  6:33  Orbital Command  
  82  6:34  SCV  
  82  6:35  SCV  
  82  6:39  Marine x2  
  85  6:40  Armory  
  85  6:41  Medivac  
  85  6:46  SCV  
  91  6:47  SCV  
  91  6:50  Marine x2  
  93  6:57  Marine x2  
  93  6:59  SCV  
  96  7:05  SCV x2  
  101  7:18  Barracks Tech Lab  
  101  7:19  Barracks Reactor  
  101  7:24  Marine x4, Medivac  
  101  7:26  SCV x2  
  101  7:27  Supply Depot  
  101  7:28  Supply Depot  
  101  7:29  Supply Depot  
  110  7:30  SCV  
  110  7:34  Barracks Tech Lab  
  110  7:38  Terran Infantry Armor Level 2, SCV, Terran Infantry Weapons Level 2  
  110  7:44  Marauder  
  110  7:47  Marine, Marauder  
  110  7:49  Marine x2  
  110  7:50  Concussive Shells  
  115  7:56  Marine x2, Marauder  
  116  8:00  Bunker, Refinery  
  116  8:02  SCV x3  
  116  8:03  Supply Depot  
  116  8:04  Supply Depot, Marine  
  116  8:05  Supply Depot, Marine  
  121  8:07  Marine x2  
  121  8:08  Marine  
  121  8:13  Marine  
  121  8:14  Marine, SCV x2  
  121  8:17  Marauder  
  71  8:20  Liberator  
  131  8:21  Siege Tank  
  131  8:22  Liberator  
  132  8:28  Supply Depot  
  132  8:29  Refinery  
  132  8:32  Command Center  
  132  8:41  Marauder  
  138  8:43  Marauder  
  140  8:54  Siege Tank  
  143  8:59  Marine x2, Marauder x2  
  143  9:00  Marine x2  
  143  9:01  Marine  
  152  9:04  Barracks  
  152  9:06  Barracks, Terran Vehicle Weapons Level 1  
  152  9:07  Marauder, Barracks  
  154  9:15  Supply Depot  
  154  9:16  Supply Depot  
  154  9:17  Supply Depot, Marine  
  154  9:19  Marine x3  
  154  9:20  Marauder  
  157  9:43  Marine, Marauder  
  157  9:44  Marauder  
  157  9:45  Marine, Marauder  
  149  9:50  Marauder  
  133  9:54  Marine x2  
  133  9:55  Barracks Tech Lab  
  133  9:56  Barracks Tech Lab  
  133  9:59  Barracks Reactor  
  135  10:00  Medivac x2  
  135  10:02  Siege Tank  
  135  10:03  Marine  
  135  10:04  Marauder  
  135  10:06  Marauder  
  135  10:07  Marauder  
  149  10:11  Marauder  
  151  10:15  Marine, Marauder x2  
  151  10:16  Marine x2  
  151  10:21  Marine  
  158  10:26  Marauder  
  158  10:27  Marauder  
  158  10:28  Marauder  
  164  10:32  Marine  
  164  10:33  Marine  
  164  10:34  Marine x2  
  168  10:37  Marauder x2  
  172  10:44  Marine  
  172  10:47  Marauder  
  172  10:48  Marauder  
  162  10:52  Marauder  
  162  10:53  Marauder  
  154  10:58  Marauder x2  
  150  11:09  Marauder  
  150  11:10  Marauder  
  150  11:11  Liberator x2  
  139  11:12  Marine  
  139  11:13  Marine x5  
  139  11:14  Marauder x2  
  145  11:19  Marauder  
  145  11:20  Marauder  
  149  11:30  Marauder  
  149  11:32  Marine x4, Marauder  
  156  11:35  Marauder  
  156  11:36  Marauder  
  162  11:48  Marauder  
  158  12:08  Marauder x3  
  150  12:09  Marine, Marauder  
  150  12:10  Marine x6, Marauder  
  150  12:11  Medivac x2, Siege Tank  
  154  12:25  Planetary Fortress  
  154  12:27  Starport, Marine  
  154  12:28  Marine x6  
  154  12:29  Marine x2  
  165  12:30  Marine, Marauder  
  165  12:31  Marine  
  164  12:41  Medivac x2  
  163  12:45  Marine  
  163  12:46  Marauder, Marine x3, Siege Tank  
  163  12:47  Marauder  
  169  12:54  Marine x5, Marauder  
  163  13:03  Marine x3  
  163  13:04  Marine  
  165  13:07  Marine  
  165  13:08  Starport Reactor, Marine  
  165  13:12  Marine x4  
  172  13:13  Marauder  
  172  13:15  Marine  
Tags
 
Add a new tag
Caveats
  • Supply blocks, unpowered buildings, or Contaminate may cause inaccurate times.
  • Supply counts are checked every 10 seconds.